 Dungeon Crawl Stone Soup version 0.31-a0-1074-g0b22e4e0f1 (webtiles) character file.

Game seed: 89985731200433800

41172 Lobster4 the Gelid (level 14, 0/105 HPs)
             Began as a Merfolk Ice Elementalist on Dec 2, 2023.
             Was an Elder of Nemelex Xobeh.
             Slain by a harpy simulacrum (3 damage)
             ... in an ice cave.
             The game lasted 01:08:19 (19715 turns).

Lobster4 the Gelid (Merfolk Ice Elementalist)      Turns: 19715, Time: 01:08:20

Health: 0/105      AC:  4    Str:  8    XL:     14   Next: 14%
Magic:  21/21      EV: 14    Int: 20    God:    Nemelex Xobeh [****..]
Gold:   555        SH:  0    Dex: 14    Spells: 5/23 levels left

rFire   x . .        O - +1 trident (flame)
rCold   + + +        (no shield)
rNeg    . . .        L - +2 robe {rC+}
rPois   .            (helmet currently unavailable)
rElec   .            I - melded +0 cloak
rCorr   .            (gloves currently unavailable)
SInv    .            x - melded +0 pair of boots
Will    +....        E - amulet of magic regeneration
Stlth   ++           l - ring of protection from cold
HPRegen 0.37/turn    Q - ring of ice
MPRegen 0.57/turn

%: no passive effects
@: beast-form
A: beast (slay +4), (nimble swimmer 2), mertail
a: Begin Untransformation, Renounce Religion, Draw Escape, Draw Destruction,
Draw Summoning, Triple Draw, Deal Four


You were in an ice cave.
You worshipped Nemelex Xobeh.
Nemelex Xobeh was greatly pleased with you.
You were a hulking beast.
You visited 4 branches of the dungeon, and saw 17 of its levels.
You also visited: Ice Cave.

You collected 1005 gold pieces.
You spent 450 gold pieces at shops.

Inventory:

Hand Weapons
 a - a +1 dagger of venom
 b - a +0 sling
 c - a +3 trident of protection
 f - a +0 arbalest
 g - a +4 vampiric trident
 j - a +4 short sword of speed
 t - a +2 short sword
 H - a +0 orcbow
 N - a +3 dagger
 O - a +1 trident of flaming (weapon)
Missiles
 p - 42 poisoned darts (quivered)
 w - 12 boomerangs
 y - 6 javelins
 J - a throwing net
 M - 6 darts of dispersal
 P - a curare-tipped dart
Armour
 i - the +3 robe of Sophism {rF+ Will- Slay+2 SInv}
   (You found it on level 11 of the Dungeon)

   Slay+2:    It affects your accuracy & damage with ranged weapons and melee
   (+2).
   rF+:       It protects you from fire.
   Will-:     It decreases your willpower.
   SInv:      It lets you see invisible.
 s - a +2 robe of willpower
 v - a +2 robe of positive energy
 x - a +0 pair of boots (melded)
 I - a +0 cloak (melded)
 L - a +2 robe of cold resistance (worn)
 R - the +2 chain mail of Hoec Oceas {rPois rC+ Regen+ rCorr Str-2}
   (You found it in an ice cave)

   Str-2:     It affects your strength (-2).
   rC+:       It protects you from cold.
   rPois:     It protects you from poison Regen+: It increases your rate of
   health regeneration.
   rCorr:     It protects you from acid and corrosion.
Jewellery
 l - a ring of protection from cold (left hand)
 E - an amulet of magic regeneration (around neck)
 Q - a ring of ice (right hand)
Talismans
 o - a beast talisman (active)
 u - a blade talisman
Wands
 m - a wand of flame (29)
 C - a wand of quicksilver (6)
 F - a wand of paralysis (8)
Scrolls
 d - a scroll of torment
 k - a scroll of poison
 n - 3 scrolls of teleportation
 z - a scroll of silence
 D - 2 scrolls of fear
Potions
 e - a potion of resistance
 h - 3 potions of haste
 q - a potion of magic
 r - a potion of might
 A - 4 potions of ambrosia
 B - 5 potions of curing
 G - a potion of brilliance
 K - a potion of attraction


   Skills:
 + Level 8.2 Fighting
 - Level 2.0 Short Blades
 - Level 7.0 Polearms
 - Level 1.0 Ranged Weapons
 - Level 1.0 Throwing
 + Level 3.3 Armour
 + Level 5.9 Dodging
 - Level 3.0 Stealth
 - Level 5.0 Unarmed Combat
 - Level 5.0 Spellcasting
 - Level 3.0 Conjurations
 - Level 3.0 Summonings
 * Level 15.7 Ice Magic
 - Level 3.0 Air Magic
 - Level 5.4 Poison Magic
 - Level 5.0 Invocations
 - Level 3.0 Evocations
 + Level 9.0 Shapeshifting


You had 5 spell levels left.
You knew the following spells:

 Your Spells              Type           Power      Damage    Failure   Level
a - Freeze                Ice            100%       1d10      1%          1
b - Ozocubu's Armour      Ice            80%        N/A       1%          3
c - Frozen Ramparts       Ice            100%       1d16      1%          3
e - Poisonous Vapours     Pois/Air       42%        N/A       3%          2
f - Freezing Cloud        Conj/Ice/Air   25%        6-21      17%         5
g - Summon Ice Beast      Ice/Summ       59%        N/A       2%          4

Your spell library contained the following spells:

 Spells                   Type           Power      Damage    Failure   Level
 Summon Small Mammal      Summ           68%        N/A       3%          1
 Mephitic Cloud           Conj/Pois/Air  20%        N/A       8%          3
 Call Canine Familiar     Summ           17%        N/A       10%         3
 Necrotise                Necr           20%        1d5       12%         1
 Sublimation of Blood     Necr           5%         N/A       17%         2
 Summon Guardian Golem    Hex/Summ       11%        N/A       19%         3
 Vampiric Draining        Necr           5%         2d6       34%         3
 Volatile Blastmotes      Fire/Tloc      10%        2d10      34%         3
 Fulminant Prism          Conj/Hex       5%         3d7       52%         4
 Iskenderun's Mystic Bla  Conj/Tloc      11%        2d4       52%         4
 Manifold Assault         Tloc           5%         N/A       75%         4
 Petrify                  Tmut/Erth      5%         N/A       75%         4
 Irradiate                Conj/Tmut      5%         3d13      86%         5
 Agony                    Necr           5%         N/A       97%         5
 Dispersal                Tloc           2%         N/A       100%        6
 Disjunction              Tloc           2%         N/A       100%        8


Dungeon Overview and Level Annotations

Branches:
Dungeon (12/15)            Temple (1/1) D:5            Lair (2/5) D:8
    Orc (2/2) D:9             Elf (0/3) Orc:2         IceCv (1/1)
  Swamp: Lair:2-3    Shoals: Lair:2-3     Snake: Lair:2-3    Spider: Lair:2-3

Altars:
Ashenzari
Cheibriados
Dithmenos
Elyvilon
Fedhas
Gozag
Hepliaklqana
Kikubaaqudgha
Makhleb
Nemelex Xobeh
Okawaru
Qazlal
Ru
Sif Muna
Trog
Uskayaw
Vehumet
Wu Jian
Xom
Yredelemnul
Zin
The Shining One

Shops:
D:5 :   D:11 =

Annotations:
D:6 3 runed translucent doors, tbh1313's ghost, novice MiBe
Orc:1 2 transporters, RabbitInGlasses's ghost, journeyman DrSh
Orc:2 Saint Roka


Innate Abilities, Weirdness & Mutations

You are a hulking beast.
Your limbs bulge with bestial killing power. (Slay +4)
((You are very nimble when in or above water. (Stealth+, EV+, Speed+++)))
Your lower body shifts to a powerful aquatic tail in water.


Message History

The anaconda simulacrum vaporises!
Your icy armour cracks and falls away as you move.
You start resting.
HP restored.
Okay, then.
Unknown command.
Okay, then.
Okay, then. 2 harpy simulacra come into view.
The harpy simulacrum claws you but does no damage.
The harpy simulacrum claws you. The harpy simulacrum freezes you. You resist.
The harpy simulacrum closely misses you.
The harpy simulacrum claws you! The harpy simulacrum freezes you. You resist.
You barely miss the harpy simulacrum. The harpy simulacrum claws you!
The harpy simulacrum freezes you. You resist. The harpy simulacrum claws you!
The harpy simulacrum freezes you. You resist. The harpy simulacrum claws you.
The harpy simulacrum freezes you. You resist. The harpy simulacrum claws you.
The harpy simulacrum freezes you. You resist. The harpy simulacrum claws you!
The harpy simulacrum freezes you. You resist. The harpy simulacrum claws you.
The harpy simulacrum freezes you. You resist.
You draw a card...
You have drawn the Tomb.
Walls emerge from the floor!
The harpy simulacrum barely misses you.
The harpy simulacrum claws you but does no damage.
The harpy simulacrum completely misses you.
The harpy simulacrum claws you. The harpy simulacrum freezes you. You resist.
The harpy simulacrum completely misses you.
The harpy simulacrum claws you.
* * * LOW HITPOINT WARNING * * *
The harpy simulacrum freezes you. You resist.
* * * LOW HITPOINT WARNING * * *
The harpy simulacrum claws you!
* * * LOW HITPOINT WARNING * * *
The harpy simulacrum freezes you. You resist.
* * * LOW HITPOINT WARNING * * *
The harpy simulacrum claws you but does no damage.
The harpy simulacrum claws you!
* * * LOW HITPOINT WARNING * * *
The harpy simulacrum freezes you. You resist.
You die...
Your body glows slightly and disappears.

#...
##.#.#
##≈≈#
##..#
###.##
#.##
#..###...#
..#
#......##
#.#.
#....#..#
.. ##
##.###..#
Z# ###
##.#
##Z##..#
#.Zh#.##
#..⌠#####
#..#..####
# #.# ##


You could see 2 harpy simulacra.

Vanquished Creatures
  Snorg (D:11)
  Fannar (Lair:1)
  A boulder beetle (D:11)
  2 two-headed ogres
  4 death yaks (D:8)
  Pikel (D:7)
  2 orc sorcerers (Orc:1)
  2 cyclopes (D:11)
  Joseph (D:7)
  A gargoyle (D:11)
  Jeremiah (D:7)
  2 cane toads
  2 unseen horrors (D:10)
  4 komodo dragons
  A kobold demonologist (D:11)
  A rime drake (Lair:1)
  A tengu conjurer (D:11)
  An anaconda simulacrum (IceCv)
  A troll (Orc:1)
  4 shadows
  13 yaks
  3 wyverns
  Grum (D:8)
  2 vampire mosquitoes (D:10)
  An acid dragon (D:10)
  6 wargs
  5 water moccasins
  Duvessa (D:7)
  9 orc warriors
  2 sky beasts
  2 black bears
  An ice beast (D:4)
  9 ogres
  11 wolves
  2 centaurs
  3 phantoms
  A lemure (D:6)
  3 kobold brigands
  5 bullfrogs
  A two-headed ogre simulacrum (IceCv)
  3 scorpions
  Dowan (D:7)
  9 wights
  5 howler monkeys
  4 hounds
  6 orc priests
  A gnoll bouda (D:9)
  4 jellies
  3 iguanas
  16 orc wizards
  2 sleepcaps
  A spriggan simulacrum (IceCv)
  6 ogre zombies (D:9)
  8 gnolls
  8 adders
  A naga simulacrum (IceCv)
  3 shadow imps
  4 white imps
  2 ufetubi (IceCv)
  A worm (D:2)
  A dart slug (D:1)
  43 orcs
  7 ball pythons
  11 endoplasms
  3 giant cockroaches
  9 goblins
  8 hobgoblins
  6 jackals
  30 kobolds
  2 quokkas
  5 bats
  6 gnoll skeletons (D:9)
  A gnoll zombie (D:9)
  2 orc skeletons (D:9)
  10 orc zombies (D:9)
  3 rats
350 creatures vanquished.

Vanquished Creatures (collateral kills)
  2 death yaks (D:8)
  A komodo dragon (Lair:2)
  3 orc warriors (Orc:1)
  An ogre (Orc:1)
  A wolf (Lair:2)
  A nameless horror (Orc:1)
  2 orc wizards
  A white imp (IceCv)
  3 orcs
15 creatures vanquished.

Grand Total: 365 creatures vanquished

Notes
Turn   | Place    | Note
-------+----------+-------------------------------------------
     0 | D:1      | Lobster4 the Merfolk Ice Elementalist began the quest for
                  | the Orb.
     0 | D:1      | Reached XP level 1. HP: 13/13 MP: 3/3
   505 | D:1      | Reached XP level 2. HP: 20/20 MP: 5/5
  1228 | D:2      | Reached XP level 3. HP: 25/25 MP: 3/6
  1275 | D:2      | Reached skill level 1 in Fighting
  1485 | D:2      | Reached skill level 5 in Ice Magic
  1643 | D:2      | Reached XP level 4. HP: 32/32 MP: 5/7
  2177 | D:3      | You fall into a shaft and drop 3 floors!
  2236 | D:6      | Noticed a scorpion
  2434 | D:6      | Reached skill level 1 in Shapeshifting
  2460 | D:5      | Entered Level 5 of the Dungeon
  2478 | D:3      | Reached XP level 5. HP: 38/38 MP: 5/8
  2541 | D:3      | Learned a level 3 spell: Ozocubu's Armour
  2545 | D:3      | Learned a level 3 spell: Frozen Ramparts
  3086 | D:4      | Noticed a black bear
  3094 | D:4      | Killed a black bear
  3095 | D:4      | Reached XP level 6. HP: 26/44 MP: 6/10
  3173 | D:4      | Found a glowing golden altar of the Shining One.
  3305 | D:4      | Reached skill level 6 in Ice Magic
  3949 | D:4      | Found a sacrificial altar of Ru.
  3949 | D:4      | Found a hide-covered altar of Uskayaw.
  3949 | D:4      | Found a hazy altar of Hepliaklqana.
  3949 | D:4      | Found a sacrificial altar of Ru.
  3949 | D:4      | Found an ornate altar of the Wu Jian Council.
  3949 | D:4      | Found a white marble altar of Elyvilon.
  4123 | D:4      | Reached XP level 7. HP: 31/50 MP: 5/12
  4238 | D:5      | Reached skill level 7 in Ice Magic
  4625 | D:4      | Reached skill level 1 in Short Blades
  4708 | D:5      | Found a sacrificial altar of Ru.
  4715 | D:5      | Found a shadowy altar of Dithmenos.
  4728 | D:5      | Found a hide-covered altar of Uskayaw.
  4743 | D:5      | Found a hazy altar of Hepliaklqana.
  4751 | D:5      | Found Huisch's Self-Improvement Boutique.
  5044 | D:5      | Found a staircase to the Ecumenical Temple.
  5053 | Temple   | Entered the Ecumenical Temple
  5070 | Temple   | Became a worshipper of Nemelex Xobeh the Trickster
  5221 | D:6      | Reached XP level 8. HP: 52/57 MP: 8/14
  5338 | D:6      | Reached skill level 1 in Throwing
  5459 | D:6      | Found a runed translucent gate.
  5460 | D:6      | Found a runed translucent gate.
  5460 | D:6      | Found a runed translucent gate.
  5467 | D:6      | Noticed tbh1313's ghost (novice MiBe)
  5506 | D:6      | Reached skill level 1 in Ranged Weapons
  5675 | D:6      | Reached skill level 1 in Polearms
  5778 | D:6      | Reached skill level 1 in Invocations
  6010 | D:6      | Reached skill level 8 in Ice Magic
  6666 | D:7      | Reached skill level 5 in Shapeshifting
  6770 | D:7      | Reached XP level 9. HP: 63/63 MP: 9/16
  6773 | D:7      | Noticed Joseph
  6778 | D:7      | Reached * piety under Nemelex Xobeh
  6807 | D:7      | Noticed Duvessa
  6817 | D:7      | Noticed Dowan
  6823 | D:7      | Killed Duvessa
  6827 | D:7      | Killed Dowan
  7085 | D:7      | Killed Joseph
  7086 | D:7      | Reached skill level 5 in Spellcasting
  7086 | D:7      | Reached skill level 9 in Ice Magic
  7203 | D:7      | Noticed Pikel
  7215 | D:6      | Learned a level 4 spell: Summon Ice Beast
  7346 | D:7      | Killed Pikel
  7347 | D:7      | Reached skill level 1 in Summonings
  7429 | D:7      | Received a gift from Nemelex Xobeh
  7469 | D:7      | Noticed Jeremiah
  7491 | D:7      | Killed Jeremiah
  7492 | D:7      | Reached skill level 10 in Ice Magic
  7663 | D:7      | Found a blossoming altar of Fedhas.
  7895 | D:8      | Noticed Grum
  8028 | D:8      | Reached XP level 10. HP: 54/70 MP: 10/17
  8298 | D:8      | Reached ** piety under Nemelex Xobeh
  8452 | D:8      | Reached skill level 5 in Invocations
  8484 | D:8      | Killed Grum
  8542 | D:8      | Reached skill level 11 in Ice Magic
  9069 | D:8      | Received a gift from Nemelex Xobeh
  9078 | D:8      | Found a staircase to the Lair.
  9304 | D:8      | Found a burning altar of Makhleb.
  9418 | D:9      | Reached skill level 1 in Evocations
  9657 | D:9      | HP: 2/70 [something (21)]
  9792 | D:9      | Reached skill level 12 in Ice Magic
 10183 | D:9      | Found a staircase to the Orcish Mines.
 10473 | D:9      | Reached skill level 1 in Armour
 10950 | D:10     | Entered Level 10 of the Dungeon
 11248 | D:10     | Killed an unseen horror
 11249 | D:10     | Reached XP level 11. HP: 60/77 MP: 12/18
 11427 | D:10     | Reached *** piety under Nemelex Xobeh
 11427 | D:10     | Noticed a two-headed ogre
 11453 | D:10     | Killed a two-headed ogre
 11614 | D:10     | Reached skill level 13 in Ice Magic
 12147 | D:11     | Noticed a cyclops
 12295 | D:11     | Reached skill level 5 in Fighting
 12375 | D:11     | Learned a level 2 spell: Poisonous Vapours
 12393 | D:11     | Noticed a boulder beetle
 12408 | D:11     | Killed a boulder beetle
 12511 | D:11     | Noticed a cyclops
 12514 | D:11     | Noticed Snorg
 12520 | D:11     | Killed a cyclops
 12521 | D:11     | Reached skill level 1 in Poison Magic
 12524 | D:11     | HP: 4/80 [Snorg (10)]
 12525 | D:11     | Killed Snorg
 12526 | D:11     | Reached skill level 1 in Air Magic
 12753 | D:11     | Identified the +3 robe of Sophism {rF+ Will- Slay+2 SInv}
 12772 | D:11     | Reached skill level 5 in Polearms
 12846 | D:11     | Killed a cyclops
 13184 | D:11     | Found Tounoneg's Jewellery Shoppe.
 13190 | D:11     | Bought an amulet of magic regeneration for 450 gold pieces
 13748 | D:12     | Noticed a deep elf pyromancer
 13748 | D:12     | Noticed a manticore
 13914 | D:12     | Received a gift from Nemelex Xobeh
 13918 | D:12     | Noticed a two-headed ogre
 13925 | D:12     | Killed a two-headed ogre
 13926 | D:12     | Reached skill level 14 in Ice Magic
 14090 | Lair:1   | Entered Level 1 of the Lair of Beasts
 14166 | Lair:1   | Noticed a death yak
 14166 | Lair:1   | Noticed a death yak
 14166 | Lair:1   | Noticed a death yak
 14166 | Lair:1   | Noticed a death yak
 14197 | D:8      | Killed a death yak
 14198 | D:8      | Reached skill level 1 in Unarmed Combat
 14402 | Orc:1    | Entered Level 1 of the Orcish Mines
 14437 | Orc:1    | Reached **** piety under Nemelex Xobeh
 14583 | Orc:1    | Noticed an orc sorcerer
 14590 | Orc:1    | Killed an orc sorcerer
 14591 | Orc:1    | Reached XP level 12. HP: 89/89 MP: 19/19
 14599 | Orc:1    | Found a transporter.
 14694 | Orc:1    | Found a transporter.
 14716 | Orc:1    | Noticed RabbitInGlasses's ghost (journeyman DrSh)
 15208 | Orc:1    | Received a gift from Nemelex Xobeh
 15734 | Orc:2    | Entered Level 2 of the Orcish Mines
 15753 | Orc:1    | Learned a level 5 spell: Freezing Cloud
 15804 | Orc:2    | Noticed an ettin
 15804 | Orc:2    | Found a staircase to the Elven Halls.
 15853 | Orc:2    | Noticed an orc warlord
 15879 | Orc:1    | Banished an orc warlord
 16950 | Orc:2    | Noticed Saint Roka
 17079 | Orc:2    | Reached skill level 1 in Conjurations
 17307 | D:8      | Killed a death yak
 17401 | Lair:1   | Noticed a death yak
 17422 | Lair:1   | Noticed a death yak
 17434 | D:8      | Killed a death yak
 17543 | D:8      | Killed a death yak
 17667 | D:8      | Killed a death yak
 17721 | D:8      | Killed a death yak
 17792 | Lair:1   | Received a gift from Nemelex Xobeh
 18347 | Lair:1   | Noticed Fannar
 18366 | Lair:1   | Killed Fannar
 18367 | Lair:1   | Reached skill level 15 in Ice Magic
 18911 | Lair:1   | Reached XP level 13. HP: 45/96 MP: 16/20
 19134 | Lair:2   | Reached skill level 5 in Dodging
 19134 | Lair:2   | Reached skill level 5 in Poison Magic
 19134 | Lair:2   | Reached XP level 14. HP: 82/105 MP: 21/21
 19189 | Lair:2   | Received a gift from Nemelex Xobeh
 19232 | Lair:2   | Reached skill level 5 in Unarmed Combat
 19254 | Lair:2   | Found a frozen archway.
 19269 | IceCv    | Entered an ice cave
 19462 | IceCv    | Identified the +2 chain mail of Hoec Oceas {rPois rC+
                  | Regen+ rCorr Str-2}
 19715 | IceCv    | HP: 3/105 [harpy simulacrum (9)]
 19715 | IceCv    | Slain by a harpy simulacrum

Illustrated notes

Levels and vault maps discovered:
D:1:      dpeg_arrival_houses_and_road, layout_loops_corners
D:2:      layout_basic
D:3:      layout_loops_ring, st_stairs_9
D:4:      cheibrodos_fertilizer, layout_rooms, nicolae_tso_carved_into_rock
D:5:      layout_cave_pools, nicolae_overflow_macrodata_refinement,
          minmay_temple_entry_antechambers, nicolae_shop_self_help
D:6:      layout_cave_pods, gammafunk_ghost_split, kennysheep_doodads
D:7:      layout_cave_pools, mainiacjoe_overflow_concentric_impassable,
          uniq_duvessa, uniq_jeremiah, uniq_pikel, uniq_joseph
D:8:      layout_cave_pods, kennysheep_little_box, lair_entry_dummy,
          nicolae_nh_ransacked_shop, uniq_grum
D:9:      layout_rooms, zombieorc1_lemuel
D:10:     layout_roguey
D:11:     nicolae_hitomezashi [nicolae_hito_row, nicolae_hito_row,
          nicolae_hito_row, nicolae_hito_row, nicolae_hito_row,
          nicolae_hito_row, nicolae_hito_row, nicolae_hito_row,
          nicolae_hito_row, nicolae_hito_row, nicolae_hito_row,
          nicolae_hito_row, nicolae_hito_row, nicolae_hito_row,
          nicolae_hito_row, nicolae_hito_row, nicolae_hito_row,
          nicolae_hito_row], layout_loops_corners, gauntlet_entry_generic,
          serial_shops, shop, uniq_snorg
D:12:     layout_basic, minmay_holes, corexii_leaking_fountain
Temple:   regret_index_temple_generic_petals
Lair:1:   layout_hall_layers, grunt_megastairs_2, uniq_fannar
Lair:2:   layout_long_grid, nicolae_swamp_entry_splash_gauntlet,
          dummy_spider_entry, portal_ice_cave_entry_pillars_1
Orc:1:    layout_caves, gammafunk_ghost_stat_death
Orc:2:    hellmonk_orc_salted, layout_diamond_mine, uniq_saint_roka
IceCv:    ice_cave_caverns_02

Skill      XL: |  1  2  3  4  5  6  7  8  9 10 11 12 13 14 |
---------------+-------------------------------------------+-----
Dodging        | 3 4 5 |  5.9
Fighting       | 1 2 3 4 6 7 8 |  8.2
Ice Magic      | 5 6 7 8 10 12 14 15 | 15.7
Stealth        | 3 |  3.0
Shapeshifting  | 1 3 5 6 7 8 9 |  9.0
Spellcasting   | 3 4 5 |  5.0
Short Blades   | 1 2 |  2.0
Throwing       | 1 |  1.0
Ranged Weapons | 1 |  1.0
Polearms       | 3 4 5 7 |  7.0
Invocations    | 2 4 5 |  5.0
Summonings     | 2 3 |  3.0
Evocations     | 3 |  3.0
Armour         | 1 2 3 |  3.3
Poison Magic   | 3 4 5 |  5.4
Air Magic      | 2 3 |  3.0
Unarmed Combat | 1 3 4 5 |  5.0
Conjurations   | 2 3 |  3.0

Action                     |  1- 3 |  4- 6 |  7- 9 | 10-12 | 13-15 || total
---------------------------+-------+-------+-------+-------+-------++-------
  Melee: Dagger            |    11 |    27 |    59 |       |       ||    97
         Punch             |     1 |     1 |     3 |    11 |     2 ||    18
         Quarterstaff      |       |     6 |       |       |       ||     6
         Trident           |       |       |   158 |   516 |    61 ||   735
         Tailslap          |       |       |     1 |       |       ||     1
   Fire: Sling             |       |    72 |     3 |       |       ||    75
  Throw: Stone             |     6 |       |       |       |       ||     6
         Dart              |       |       |    34 |    91 |     1 ||   126
         Boomerang         |       |       |    10 |     1 |       ||    11
         Javelin           |       |       |     1 |       |       ||     1
   Cast: Freeze            |    47 |    25 |     8 |    17 |       ||    97
         Ozocubu's Armour  |       |     6 |    24 |    98 |    10 ||   138
         Frozen Ramparts   |       |     6 |    24 |    88 |     7 ||   125
         Summon Ice Beast  |       |       |       |    23 |     5 ||    28
         Poisonous Vapours |       |       |       |     8 |       ||     8
 Invoke: Draw Escape       |       |       |       |     3 |     1 ||     4
         Draw Destruction  |       |       |       |     2 |       ||     2
         Draw Summoning    |       |       |       |     2 |       ||     2
  Evoke: Wand              |       |     6 |    11 |    11 |       ||    28
    Use: Scroll            |       |       |     7 |    12 |     1 ||    20
         Potion            |       |       |     3 |     3 |     1 ||     7
   Stab: Sleeping          |     6 |     2 |     2 |     5 |       ||    15
         Paralysed         |       |       |       |     2 |       ||     2
 Armour: Robe              |    23 |    47 |   143 |   432 |    64 ||   709
  Dodge: Dodged            |    31 |    61 |   146 |   332 |    31 ||   601
   Form: Beast             |       |     1 |     1 |     1 |       ||     3
                           |       |       |     1 |     1 |       ||     2

Table legend: (Time is in decaauts)
 A = Elapsed time spent in this place.
 B = Non-inter-level travel time spent in this place.
 C = Inter-level travel time spent in this place.
 D = Time resting spent in this place.
 E = Time spent auto-exploring this place.
 F = Levels seen in this place.
 G = Mean time per level.
                   A        B        C        D        E       F      G
               +--------+--------+--------+--------+--------+-----+--------+
         Total |  19813 |  18859 |    954 |   5618 |   8980 |  18 | 1100.7 |
       Dungeon |  14846 |  14114 |    732 |   3846 |   7211 |  12 | 1237.2 |
        Temple |     34 |      2 |     32 |      0 |      0 |   1 |   34.0 |
          Lair |   1638 |   1571 |     67 |    140 |    996 |   2 |  819.0 |
  Orcish Mines |   2855 |   2733 |    122 |   1342 |    748 |   2 | 1427.5 |
      Ice Cave |    439 |    439 |      0 |    289 |     25 |   1 |  439.0 |
               +--------+--------+--------+--------+--------+-----+--------+

Top non-repeatable levels by time:
   Orc:1: 2641 daAuts
     D:8: 2088 daAuts
     D:6: 2017 daAuts
     D:9: 1760 daAuts
    D:11: 1694 daAuts
  Lair:1: 1446 daAuts
     D:4: 1442 daAuts
    D:10: 1178 daAuts
     D:1: 1046 daAuts
     D:7: 1011 daAuts
     D:2: 886 daAuts
     D:3: 823 daAuts
     D:5: 708 daAuts
   IceCv: 439 daAuts
   Orc:2: 214 daAuts
